Map: [ESL] Dragon Scales

Players

Lambo

  • Race: Zerg Zerg

Maru - Winner!

  • Race: Terran Terran

Event: IEM Katowice 2023

VOD

Have the link to the VOD?

Description

Time

  • Played on: Feb. 11, 2023, 8:07 a.m.
  • Length: 8:23

All games in this series

Show
View Real Time Build Order
Export as new Build Order

Lambo Zerg 

Build Orders: Hatch First 

Get SALT Encoding   

  12  0:00  Drone  
  13  0:12  Overlord  
  13  0:17  Drone  
  14  0:30  Drone x2  
  16  0:48  Hatchery  
  15  0:51  Drone  
  15  0:54  Drone  
  17  0:57  Drone  
  18  1:08  Extractor  
  17  1:12  Spawning Pool  
  17  1:15  Drone  
  17  1:18  Drone  
  18  1:27  Drone  
  19  1:38  Drone  
  20  1:49  Drone  
  21  1:59  Queen x2  
  21  2:00  Zergling x4  
  27  2:10  Drone  
  27  2:11  Overlord  
  28  2:19  Hatchery  
  28  2:22  Drone  
  28  2:30  Drone  
  28  2:32  Drone  
  28  2:36  Extractor  
  28  2:37  Queen  
  28  2:41  Zergling x2  
  32  2:46  Zergling x2  
  32  2:48  Metabolic Boost  
  33  2:55  Overlord  
  33  2:58  Drone x2  
  35  3:05  Drone  
  35  3:13  Queen  
  35  3:15  Drone x4  
  35  3:19  Drone  
  42  3:23  Drone  
  43  3:31  Drone  
  43  3:34  Drone  
  44  3:36  Drone  
  44  3:38  Queen  
  47  3:41  Queen  
  47  3:44  Overlord  
  47  3:46  Overlord  
  49  3:55  Drone  
  50  4:02  Overlord  
  50  4:03  Drone x7  
  50  4:05  Drone  
  58  4:14  Drone x4  
  62  4:19  Queen  
  62  4:21  Drone x2  
  66  4:25  Zergling x4  
  66  4:30  Drone  
  69  4:33  Queen x2  
  73  4:42  Zergling x2  
  73  4:43  Overlord  
  73  4:45  Overlord  
  74  4:46  Extractor, Overlord  
  74  4:48  Zergling x4  
  74  4:52  Overlord  
  74  4:54  Overlord  
  74  4:56  Overlord  
  74  4:57  Overlord  
  74  5:00  Overlord  
  74  5:04  Zergling x6  
  74  5:06  Lair  
  77  5:08  Zergling x4  
  77  5:09  Baneling Nest, Zergling x2  
  77  5:11  Zergling x4  
  81  5:18  Zergling x8  
  75  5:24  Zergling x2  
  75  5:25  Queen x2  
  75  5:27  Zergling x2  
  72  5:32  Zergling x8  
  71  5:35  Zergling x2  
  71  5:42  Drone x3  
  71  5:43  Drone  
  71  5:46  Extractor  
  71  5:48  Drone x2  
  73  5:52  Drone  
  74  5:57  Hatchery  
  74  6:01  Drone, Queen x2  
  78  6:05  Zergling x4  
  78  6:08  Centrifugal Hooks  
  78  6:10  Zergling x2  
  78  6:11  Evolution Chamber  
  80  6:15  Queen  
  80  6:16  Drone x2  
  84  6:18  Zergling x2  
  84  6:21  Zergling x4  
  87  6:26  Baneling x5  
  87  6:27  Zergling x4  
  87  6:28  Baneling x2  
  87  6:30  Zergling x2  
  90  6:34  Zergling x4  
  90  6:36  Queen, Zergling x2  
  90  6:37  Queen  
  97  6:44  Drone x8  
  102  6:50  Zergling x2  
  96  6:56  Zergling x4  
  96  6:58  Queen  
  96  6:59  Baneling x6  
  99  7:02  Baneling x3  
  99  7:03  Zergling x2  
  99  7:04  Zergling x4  
  99  7:07  Baneling x2  
  102  7:13  Zergling x16  
  101  7:20  Overlord, Zergling x4  
  101  7:22  Zergling x6  
  98  7:25  Zergling x2  
  94  7:30  Zergling x2  
  94  7:33  Zergling x10  
  94  7:35  Baneling x6  
  94  7:36  Queen x2  
  102  7:39  Zergling x2  
  102  7:40  Baneling x2  
  101  7:51  Zergling x6  
  101  7:52  Zergling x4  
  101  7:54  Overlord  
  101  7:56  Zergling x2  
  105  8:00  Zergling x2  
  105  8:02  Zergling x4  
  105  8:04  Zergling x8  
  96  8:06  Baneling x3  
Show
View Real Time Build Order
Export as new Build Order

Maru Terran - Winner!

Build Orders:  

Get SALT Encoding   

  12  0:00  SCV  
  13  0:12  SCV  
  14  0:17  Supply Depot  
  14  0:24  SCV  
  15  0:39  SCV  
  15  0:40  Barracks  
  16  0:44  Refinery  
  16  0:51  SCV  
  17  1:00  Barracks  
  17  1:03  SCV  
  18  1:15  SCV  
  19  1:27  Orbital Command, Reaper  
  19  1:31  Supply Depot  
  20  1:47  Reaper  
  20  1:52  SCV  
  22  2:04  Reaper  
  22  2:05  SCV  
  24  2:09  Command Center  
  24  2:17  SCV  
  25  2:23  Barracks  
  25  2:27  Barracks Reactor  
  25  2:29  SCV  
  26  2:41  Barracks, SCV  
  26  2:42  Barracks Tech Lab  
  27  2:53  SCV, Supply Depot  
  28  3:05  SCV  
  29  3:07  Marine  
  29  3:08  Marine, Stimpack  
  31  3:14  Marine  
  31  3:17  SCV  
  31  3:19  Barracks Tech Lab  
  33  3:22  Orbital Command  
  33  3:25  Marine, Refinery  
  34  3:29  SCV  
  34  3:35  Marine x2  
  34  3:37  Marine  
  34  3:38  Marine  
  38  3:43  Marine  
  38  3:48  SCV x2  
  41  3:51  Supply Depot  
  41  3:52  Marine, Combat Shield  
  41  3:54  Marine  
  41  3:55  Marine  
  44  3:56  Marine  
  44  4:00  SCV  
  44  4:01  Marine, SCV  
  48  4:10  Marine  
  48  4:12  Marine  
  48  4:13  SCV x2  
  48  4:14  Marine x2  
  54  4:17  Factory  
  54  4:20  Supply Depot  
  54  4:21  Marine  
  55  4:25  SCV x2  
  55  4:29  Engineering Bay  
  57  4:35  Marine x2  
  57  4:36  Marine, Supply Depot  
  57  4:38  Marine  
  61  4:39  SCV  
  61  4:44  SCV  
  63  4:51  SCV  
  64  4:56  Terran Infantry Weapons Level 1, SCV  
  64  4:59  Supply Depot  
  65  5:00  Starport  
  65  5:01  Refinery  
  65  5:02  Factory Reactor  
  65  5:03  Marine x2  
  65  5:04  SCV  
  65  5:05  Marine  
  69  5:08  SCV  
  69  5:09  Marine  
  69  5:14  Marine  
  72  5:16  SCV  
  72  5:20  SCV  
  66  5:28  SCV  
  61  5:32  SCV  
  61  5:33  Marine x2  
  59  5:40  SCV  
  54  5:45  Medivac  
  54  5:46  Marine x2, Medivac  
  54  5:48  Marine  
  62  5:51  Marine x2  
  62  5:52  Supply Depot  
  62  5:53  Siege Tank  
  66  6:00  Command Center  
  66  6:03  Marine  
  67  6:05  Marine  
  67  6:06  Marine  
  67  6:09  Marine x2  
  71  6:13  Barracks  
  71  6:18  Medivac x2  
  75  6:23  Refinery, Supply Depot  
  75  6:24  Marine  
  75  6:25  Marine  
  77  6:32  Siege Tank  
  80  6:33  Marine x2  
  80  6:34  Marine  
  83  6:42  Marine x2  
  84  6:51  Marine x2  
  84  6:52  Marine  
  83  6:56  Liberator  
  83  7:00  Marine x3  
  89  7:01  Supply Depot  
  89  7:04  Liberator  
  92  7:09  Marine x2  
  92  7:10  Marine  
  92  7:12  Siege Tank  
  97  7:18  Marine x3  
  95  7:26  Marine  
  95  7:27  Marine  
  95  7:28  Marine  
  92  7:35  SCV x2  
  92  7:36  Marine x3  
  97  7:44  Siege Tank, Marine x2  
  100  7:46  Marine, Orbital Command  
  103  7:53  Marine  
  103  7:54  Marine x2  
  103  8:02  Marine x2  
  103  8:03  Marine  

Tags
 
Add a new tag
Caveats
  • Supply blocks, unpowered buildings, or Contaminate may cause inaccurate times.
  • Supply counts are checked every 10 seconds.